 Dungeon Crawl Stone Soup version 0.13-a0-2700-g8dc4729 (console) character file.

89179 Kellhus the Bludgeoner (level 15, 96/96 HPs)
             Began as a Gargoyle Fighter on Aug 15, 2013.
             Was the Champion of Okawaru.
             Quit the game on Level 15 of the Dungeon on Aug 16, 2013.
             The game lasted 01:06:56 (28828 turns).

Kellhus the Bludgeoner (Gargoyle Fighter)          Turns: 28828, Time: 01:06:56

HP  96/96        AC 42     Str 20      XL: 15   Next: 88%
MP  14/14        EV 12     Int 10      God: Okawaru [******]
Gold 2304        SH 29     Dex 14      Spells:  0 memorised, 14 levels left

Res.Fire  : . . .   See Invis. : .   x - +12,+0 eveningstar of Peozib {vamp, rElec Res.Cold : + . . Warding : . k - +3 orc plate armour Life Prot.: + . . Conserve : . p - +0 dwarf shield
Res.Poison: +       Res.Corr.  : .   S - +1 dwarf helmet
Res.Elec. : +       Clarity    : .   I - +1 dwarf cloak
Sust.Abil.: . .     Spirit.Shd : +   W - +2 pair of elf gauntlets
Res.Mut.  : .       Stasis     : .   J - +1 pair of boots
Res.Rott. : +       Flight     : +   M - amulet of guardian spirit
Saprovore : . . .                    u - +3 ring of evasion
                                     g - +3 ring of evasion

@: flying, somewhat resistant to hostile enchantments, extremely unstealthy
A: large and strong wings, fangs 1, talons 2, life protection 1, electricity
resistance, slow metabolism 1, unbreathing, petrification resistance, AC +11
a: Stop Flying, Heroism, Finesse, Renounce Religion


You were on level 15 of the Dungeon.
You worshipped Okawaru.
Okawaru was exalted by your worship.
You were hungry.

You visited 4 branches of the dungeon, and saw 28 of its levels.
You visited 1 bazaar.
You also visited: Ice Cave and Volcano.

You collected 3052 gold pieces.
You spent 768 gold pieces at shops.

Inventory:

Hand weapons
 a - a +2,+5 demon whip of flaming
 b - a +0 blowgun
 x - the +12,+0 eveningstar of Peozib (weapon) {vamp, rElec rC+ Stlth+}
   (Okawaru gifted it to you on level 8 of the Lair of Beasts)

   It inflicts no extra harm, but heals its wielder somewhat when it strikes a
   living foe.
   It protects you from cold.
   It insulates you from electricity.
   It makes you much more stealthy.
Missiles
 F - 12 poisoned needles
 L - 8 javelins (quivered)
 T - 6 curare-tipped needles
Armour
 k - a +3 orcish plate armour (worn)
 p - a +0 dwarven shield (worn)
 I - a +1 dwarven cloak (worn)
 J - a +1 pair of boots (worn)
 S - a +1 dwarven helmet (worn)
 W - a +2 pair of elven gauntlets (worn)
Magical devices
 l - a wand of frost (8) {unknown}
 H - a wand of cold (6) {unknown}
 K - a wand of paralysis (14)
 Y - a wand of draining (1)
Comestibles
 c - 4 pears
 d - 5 bread rations
 j - 6 apricots
 r - a choko
 z - 7 lychees
 B - 4 lemons
 N - 6 meat rations
 O - 9 grapes
 X - 4 strawberries
Scrolls
 m - 10 scrolls of identify
 v - 7 scrolls of remove curse
 y - 6 scrolls of fear
 C - 2 scrolls of holy word
 Z - 7 scrolls of teleportation
Jewellery
 e - an uncursed ring of ice
 g - a +3 ring of evasion (left hand)
 h - an uncursed amulet of rage
 i - an uncursed ring of sustain abilities
 n - an uncursed ring of protection from fire
 s - an uncursed ring of protection from cold
 u - a +3 ring of evasion (right hand)
 M - an amulet of guardian spirit (around neck)
 V - an uncursed ring of see invisible
Potions
 f - 2 potions of invisibility
 o - 4 potions of flight
 q - 3 potions of brilliance
 t - 14 potions of curing
 w - a potion of might
 A - 2 potions of restore abilities
 D - 5 potions of heal wounds
 E - 4 potions of resistance
 G - 5 potions of agility
 Q - a potion of berserk rage


   Skills:
 + Level 14.1 Fighting
 - Level 16.0 Maces & Flails
 + Level 14.9 Armour
 - Level 15.0 Shields


You had 14 spell levels left.
You didn't know any spells.

Dungeon Overview and Level Annotations

Branches:
Dungeon (15/27)            Temple (1/1) D:5             Orc (4/4) D:11
    Elf (0/3) Orc:4          Lair (8/8) D:9          Shoals (0/5) Lair:5
  Snake (0/5) Lair:3        Slime (0/6) Lair:6
 Vaults: D:15-20

Altars:
Ashenzari
Cheibriados
Elyvilon
Fedhas
Kikubaaqudgha
Makhleb
Nemelex Xobeh
Okawaru
Sif Muna
Trog
Vehumet
Xom
Yredelemnul
Zin
the Shining One
Beogh

Shops:
D:7: [ D:8: *} D:12: ( Orc:4: [(%*


Innate Abilities, Weirdness & Mutations

You are resistant to torment.
You are immune to poison.
You can fly continuously.
Your stone body is very resilient (AC +11).
Your wings are large and strong.
You have very sharp teeth.
You have razor-sharp toenails.
You resist negative energy.
You are resistant to electric shocks.
You have a slow metabolism.
You can survive without breathing.
You are immune to petrification.


Message History

Identify which item? (? for menu, Esc to quit)
As you read the scroll of identify, it crumbles to dust.
P - the +8,+0 demon whip "Testudineslayer" {pain, Stlth+} Drop what? (_ for help) (? for menu, Esc to quit)
You drop the +8,+0 demon whip "Testudineslayer" {pain, Stlth+}.
Your possessions no longer seem quite so burdensome.
You now have 2304 gold pieces (gained 22).
You see here an ugly thing corpse.
You offer a prayer to Okawaru.
The ugly thing corpse slowly burns to ash.
Okawaru is exalted by your worship.
Found 5 sling bullets of frost.
Found a stone staircase leading up.
You can't pick everything up without burdening yourself.
You see here a jewelled bone wand.
You can't pick everything up without burdening yourself.
You see here a jewelled bone wand.
Could not pick up an item here; shall I ignore it?
Okay, then.
Are you sure you want to abandon this character and quit the game? (Confirm with "yes".)

#.#.#. .##.# #.#.#<#
.^.... #.#.#.. .......
###.#.#.###.# #.#...
............ ......
###.#.#..##.# #.#...
........##.# #.#...
########.#.......###.#...
......(.@................
.........................
........................
.......................[
##..###.....#.##.##.....
#.. #.....#.....)..... .
#.....####.##.##.#
#...... ..........
##....####.##.##.#


There were no monsters in sight!

Vanquished Creatures
  Donald (Orc:3)
  An orc warlord (Orc:4)
  2 ettins
  A yaktaur captain (D:10)
  Fannar (Orc:4)
  5 hydras
  A ravenous feature mimic (Lair:8)
  Erica (D:10)
  9 death yaks
  Urug (Volcano)
  2 centaur warriors
  An orc high priest (Orc:4)
  4 hill giants
  Erolcha (D:10)
  2 lindwurms (Lair:8)
  An orc knight (Orc:4)
  2 griffons
  2 orc sorcerers (Orc:4)
  2 cyclopes (D:13)
  A sixfirhy (Orc:4)
  2 black mambas
  7 spiny worms (Lair:8)
  Maurice (D:10)
  A human (D:11)
  A feature mimic (D:12)
  11 elephants
  Psyche (D:12)
  12 spiny frogs
  5 trolls
  3 fire drakes
  A blue devil (Orc:4)
  4 blink frogs (Lair:5)
  4 giant fireflies (Lair:8)
  6 komodo dragons
  2 polar bears (IceCv)
  3 giant leeches (Lair:8)
  A jumping spider (Lair:8)
  A two-headed ogre (D:12)
  7 slime creatures
  A trapdoor spider (D:11)
  2 basilisks
  5 redbacks (Lair:8)
  3 water elementals (D:14)
  An ice dragon skeleton (D:14)
  4 sharks
  2 wyverns
  9 ugly things
  Eustachio (D:5)
  49 yaks
  3 elephant slugs
  7 hippogriffs
  2 hungry ghosts
  Grum (D:10)
  4 hill giant skeletons
  34 wolves
  6 rock worms
  A mottled dragon (D:11)
  10 porcupines
  2 hell hounds (Lair:8)
  A manticore (D:8)
  53 orc warriors
  2 necrophages
  6 nagas (Lair:3)
  6 giant goldfish
  7 sky beasts
  2 black bears (Lair:3)
  16 ogres
  3 phantoms
  15 ice beasts
  The ghost of Kellhus the Cudgeler, an average DgSk (D:3)
  21 centaurs
  2 boring beetles
  12 crocodiles
  2 tengu (D:14)
  3 brain worms (Lair:8)
  11 giant slugs
  2 big kobolds
  18 giant frogs
  7 wargs
  3 agate snails
  11 water moccasins
  A jellyfish (D:14)
  11 killer bees
  3 pulsating lumps (Lair:6)
  2 electric eels
  12 wights
  A yak skeleton (D:11)
  2 quasits
  2 giant frog zombies
  3 goliath beetles
  22 crimson imps
  24 hounds
  2 jellies (D:11)
  3 big fish
  36 orc priests
  38 orc wizards
  6 iguanas
  A gnoll shaman (D:10)
  5 scorpions
  6 worker ants
  A killer bee zombie (D:12)
  A big kobold zombie (D:9)
  An ogre skeleton (D:4)
  An ogre zombie (D:5)
  12 sheep
  A mummy (D:11)
  10 gnolls
  A lemure (D:5)
  16 adders
  38 green rats
  2 giant centipedes
  8 giant mites
  21 worms
  A goliath beetle zombie (D:7)
  A grey rat (D:5)
  An iguana skeleton (D:10)
  8 giant eyeballs
  5 giant geckos
  192 orcs
  2 ball pythons
  A bat skeleton (D:4)
  7 giant cockroaches
  28 goblins
  21 hobgoblins
  14 quokkas
  33 bats
  2 giant newts
  A goblin skeleton (D:5)
  31 jackals
  11 kobolds
  8 orc zombies (Orc:4)
  A quokka skeleton (D:5)
  27 rats
  A rat skeleton (D:7)
  A rat zombie (D:5)
  4 ballistomycetes
  A plant (Lair:8)
1160 creatures vanquished.

Vanquished Creatures (others)
  A polar bear (IceCv)
  A yak (IceCv)
  A wolf (IceCv)
  3 orcs
  3 giant spores
  4 fungi (Lair:8)
  5 plants
18 creatures vanquished.

Grand Total: 1178 creatures vanquished

Notes
Turn   | Place    | Note
--------------------------------------------------------------
     0 | D:1      | Kellhus, the Gargoyle Fighter, began the quest for the Orb.
     0 | D:1      | Reached XP level 1. HP: 14/14 MP: 0/0
   107 | D:2      | Reached XP level 2. HP: 19/19 MP: 1/1
   474 | D:2      | Reached XP level 3. HP: 24/24 MP: 2/2
   551 | D:2      | Reached skill level 4 in Maces & Flails
  1148 | D:3      | Reached XP level 4. HP: 25/28 MP: 3/3
  1289 | D:3      | Noticed Kellhus' ghost (average DgSk)
  1331 | D:3      | Killed Kellhus' ghost
  1331 | D:3      | Reached skill level 5 in Maces & Flails
  1331 | D:3      | Reached XP level 5. HP: 14/33 MP: 4/4
  1845 | D:3      | Reached skill level 6 in Maces & Flails
  2167 | D:4      | Reached XP level 6. HP: 36/38 MP: 5/5
  2300 | D:4      | Reached skill level 7 in Maces & Flails
  2899 | D:4      | Reached skill level 8 in Maces & Flails
  2899 | D:4      | Reached XP level 7. HP: 4/42 MP: 6/6
  2902 | D:4      | HP: 1/42 [orc/orcish falchion (3)]
  3381 | D:5      | Entered Level 5 of the Dungeon
  3542 | D:5      | Noticed Eustachio
  3579 | D:5      | Reached skill level 9 in Maces & Flails
  3912 | D:5      | Killed Eustachio
  3912 | D:5      | Reached XP level 8. HP: 45/48 MP: 7/7
  4003 | D:5      | Reached skill level 10 in Maces & Flails
  4183 | D:5      | Found a blossoming altar of Fedhas.
  4296 | D:5      | Reached skill level 11 in Maces & Flails
  4328 | D:5      | Paralysed by a giant eyeball for 3 turns
  4402 | D:5      | Found a staircase to the Ecumenical Temple.
  4408 | Temple   | Entered the Ecumenical Temple
  5094 | D:6      | Reached skill level 12 in Maces & Flails
  5094 | D:6      | Reached XP level 9. HP: 40/52 MP: 8/8
  5636 | D:6      | Found a sparkling altar of Nemelex Xobeh.
  5638 | D:6      | Paralysed by a giant eyeball for 4 turns
  5684 | D:6      | Noticed an angel
  5685 | D:6      | Found a glowing silver altar of Zin.
  5840 | D:7      | Found Nuwuz's Armour Boutique.
  5858 | D:7      | Bought a +0 cap for 42 gold pieces
  6001 | D:7      | Reached skill level 13 in Maces & Flails
  7055 | D:8      | Reached skill level 14 in Maces & Flails
  8101 | D:8      | Reached XP level 10. HP: 57/57 MP: 9/9
  8157 | D:8      | Paralysed by a giant eyeball for 3 turns
  8164 | D:8      | Paralysed by a giant eyeball for 2 turns
  8437 | D:8      | Found Shrit's Assorted Antiques.
  8463 | D:8      | Found Styhehae's Gadget Emporium.
  8699 | D:8      | Reached skill level 15 in Maces & Flails
  8723 | D:8      | Bought a scroll labeled DYADAFUC RUTY for 23 gold pieces
  9073 | D:9      | Found a staircase to the Lair.
  9073 | D:9      | Noticed a death yak
  9073 | D:9      | Noticed an elephant
  9095 | D:9      | Killed a death yak
  9111 | D:9      | Killed an elephant
  9116 | D:9      | Reached skill level 16 in Maces & Flails
  9590 | D:9      | Found an iron altar of Okawaru.
  9603 | D:9      | Became a worshipper of Warmaster Okawaru
  9675 | D:9      | Reached skill level 5 in Fighting
  9836 | D:9      | Acquired Okawaru's first power
  9957 | Lair:1   | Entered Level 1 of the Lair of Beasts
  9995 | Lair:1   | Reached XP level 11. HP: 52/64 MP: 10/10
 10203 | Lair:1   | Noticed a black mamba
 10213 | Lair:1   | Killed a black mamba
 10407 | Lair:1   | Got a pair of bloodstained boots
 10415 | Lair:1   | Identified the cursed -5 pair of boots of Cowardice {Int+3} (You found it on level 1 of the Lair of Beasts)
 11328 | Lair:2   | Reached skill level 5 in Shields
 12221 | Lair:3   | Reached skill level 5 in Armour
 12338 | Lair:3   | Found a staircase to the Snake Pit.
 12350 | Lair:3   | Noticed an eight-headed hydra
 12367 | Lair:3   | Killed an eight-headed hydra
 12367 | Lair:3   | Reached XP level 12. HP: 40/72 MP: 11/11
 12863 | Lair:4   | Found a frozen archway.
 12924 | IceCv    | Entered an ice cave
 12947 | IceCv    | Acquired Okawaru's second power
 13660 | Lair:4   | Noticed a six-headed hydra
 13677 | Lair:4   | Killed a six-headed hydra
 14396 | Lair:5   | Reached skill level 10 in Shields
 14442 | Lair:5   | Received a gift from Okawaru
 15280 | Lair:5   | Reached skill level 10 in Armour
 15329 | Lair:5   | Reached XP level 13. HP: 77/77 MP: 12/12
 15455 | Lair:5   | Found a staircase to the Shoals.
 16125 | Lair:6   | Found a staircase to the Slime Pits.
 16950 | Lair:7   | Found a bloodstained altar of Trog.
 17001 | Lair:7   | Received a gift from Okawaru
 17039 | Lair:7   | Got an ichor-stained great mace {god gift}
 17046 | Lair:7   | Identified the great mace of Conformity {god gift, drain, rN+} (Okawaru gifted it to you on level 7 of the Lair of Beasts)
 17395 | Lair:8   | Entered Level 8 of the Lair of Beasts
 17709 | Lair:8   | Received a gift from Okawaru
 17867 | Lair:8   | Reached skill level 15 in Shields
 18010 | Lair:8   | Gained mutation: Your wings are large and strong. [gargoyle growth]
 18010 | Lair:8   | Reached XP level 14. HP: 76/84 MP: 13/13
 19307 | Lair:8   | Reached skill level 10 in Fighting
 19311 | Lair:8   | Received a gift from Okawaru
 19314 | Lair:8   | Got a shimmering eveningstar {god gift}
 19324 | Lair:8   | Identified the eveningstar of Peozib {god gift, vamp, rElec rC+ Stlth+} (Okawaru gifted it to you on level 8 of the Lair of Beasts)
 20498 | D:10     | Entered Level 10 of the Dungeon
 20618 | D:10     | Noticed Erica
 20653 | D:10     | Killed Erica
 20842 | D:10     | Noticed Grum
 20847 | D:10     | Killed Grum
 21082 | D:10     | Noticed Maurice
 21085 | D:10     | Paralysed by Maurice for 4 turns
 21093 | D:10     | Killed Maurice
 21096 | D:10     | Received a gift from Okawaru
 21127 | D:10     | Paralysed by a giant eyeball for 2 turns
 21228 | D:10     | Found a shimmering altar of Xom.
 21244 | D:10     | Found a bloodstained altar of Trog.
 21326 | D:10     | Noticed Erolcha
 21336 | D:10     | Killed Erolcha
 22332 | D:11     | Found a staircase to the Orcish Mines.
 22467 | Orc:1    | Entered Level 1 of the Orcish Mines
 22671 | Orc:1    | Found a dark tunnel.
 22681 | Orc:1    | Reached XP level 15. HP: 93/93 MP: 14/14
 22695 | Volcano  | Entered a volcano
 22771 | Volcano  | Noticed Urug
 22789 | Volcano  | Killed Urug
 24036 | Orc:3    | Found a roughly hewn altar of Beogh.
 24130 | Orc:4    | Entered Level 4 of the Orcish Mines
 24130 | Orc:4    | Found an iron altar of Okawaru.
 24130 | Orc:4    | Noticed Fannar
 24496 | Orc:4    | Killed Fannar
 24498 | Orc:4    | Received a gift from Okawaru
 24526 | Orc:4    | Found a staircase to the Elven Halls.
 24644 | Orc:3    | Noticed Donald
 24669 | Orc:3    | Killed Donald
 24874 | Orc:4    | Paralysed by an orc sorcerer for 7 turns
 24964 | Orc:4    | Found Aracs' Assorted Antiques.
 24964 | Orc:4    | Found a roughly hewn altar of Beogh.
 25192 | Orc:4    | Bought a scroll labeled PRISAOZ OTILA for 36 gold pieces
 25222 | Orc:4    | Found a roughly hewn altar of Beogh.
 25222 | Orc:4    | Found Qutt's Food Emporium.
 25328 | Orc:4    | Found a deep blue altar of Sif Muna.
 25755 | Orc:4    | Identified Sif Muna's Handbook of Black Secrets
 25785 | Orc:4    | Found a roughly hewn altar of Beogh.
 26040 | Orc:4    | Found Gimp's Antique Weapon Boutique.
 26040 | Orc:4    | Found a roughly hewn altar of Beogh.
 26044 | Orc:4    | Found Pnoffugra's Antique Armour Shop.
 26145 | Orc:4    | Bought a runed plate armour for 667 gold pieces
 26754 | D:12     | Noticed Psyche
 26760 | D:12     | Killed Psyche
 26813 | D:12     | Found Kumouwk's Weapon Shoppe.
 26962 | D:12     | Received a gift from Okawaru
 27318 | D:13     | Paralysed by a giant eyeball for 2 turns
 27383 | D:13     | Found a flickering gateway to a bazaar.
 27397 | Bazaar   | Entered a bazaar
 27411 | Bazaar   | Found Giheatt's Magical Wand Shoppe.
 27411 | Bazaar   | Found Pnar's Distillery.
 27432 | Bazaar   | Found Skaygeut's Book Shoppe.
 27432 | Bazaar   | Found Sigoula's Book Emporium.
 27466 | Bazaar   | Found Ysialel's Food Emporium.
 27659 | D:13     | Identified the Disquisition on Shifting Cold
 27717 | D:13     | Found a basalt altar of Yredelemnul.
 28089 | D:14     | Entered Level 14 of the Dungeon
 28726 | D:15     | Entered Level 15 of the Dungeon
 28795 | D:15     | Received a gift from Okawaru
 28811 | D:15     | Got an iridescent demon whip {god gift}
 28812 | D:15     | Identified the +8,+0 demon whip "Testudineslayer" {pain, Stlth+} (Okawaru gifted it to you on level 15 of the Dungeon)
 28828 | D:15     | Quit the game

Action                   |  1- 3 |  4- 6 |  7- 9 | 10-12 | 13-15 || total
-------------------------+-------+-------+-------+-------+-------++-------
Melee: Mace              |    85 |   204 |   557 |   152 |       ||   998
       Flail             |       |       |   211 |       |       ||   211
       Morningstar       |       |       |       |   823 |   514 ||  1337
       Demon whip        |       |       |       |       |   209 ||   209
       Eveningstar       |       |       |       |       |  1946 ||  1946
 Fire: Blowgun           |       |       |     9 |    44 |    60 ||   113
 Abil: Fly               |       |       |       |       |     1 ||     1
Evoke: Wand              |       |       |       |     7 |       ||     7
  Use: Scroll            |       |       |       |    27 |    17 ||    44
       Potion            |       |       |       |     2 |       ||     2
 Stab: Distracted        |       |       |       |     1 |       ||     1
       Paralysed         |       |       |       |     1 |       ||     1
